 Dungeon Crawl Stone Soup version 0.31-a0-1008-g5b978dac0e (webtiles) character file.

Game seed: 555805525995807377

55 BinkBink the Shield-Bearer (level 3, -6/33 HPs)
             Began as a Minotaur Fighter on Nov 13, 2023.
             Killed from afar by Robin (7 damage)
             ... with a puff of flame
             ... on level 2 of the Dungeon.
             The game lasted 00:00:56 (701 turns).

BinkBink the Shield-Bearer (Minotaur Fighter)        Turns: 701, Time: 00:00:57

Health: -6/33      AC:  7    Str: 22    XL:     3   Next: 67%
Magic:  2/2        EV:  9    Int:  5    God:
Gold:   32         SH:  4    Dex:  9    Spells: 2/2 levels left

rFire   . . .        a - +0 war axe
rCold   . . .        c - +0 buckler
rNeg    . . .        b - +0 scale mail
rPois   .            (helmet restricted)
rElec   .            (no cloak)
rCorr   .            (no gloves)
SInv    .            (no boots)
Will    .....        (no amulet) Stlth
                     (no ring)
HPRegen 0.25/turn    (no ring)
MPRegen 0.08/turn

%: no passive effects
@: no status effects
A: horns 2, retaliatory headbutt
a: no special abilities


You were on level 2 of the Dungeon.
You visited 1 branch of the dungeon, and saw 2 of its levels.

You collected 32 gold pieces.

Inventory:

Hand Weapons
 a - a +0 war axe (weapon)
Armour
 b - a +0 scale mail (worn)
 c - a +0 buckler (worn)
Scrolls
 e - a scroll of poison {unknown}
 f - 2 scrolls of teleportation {unknown}
 g - a scroll of enchant weapon {unknown}
 h - a scroll of brand weapon {unknown}
 i - a scroll of identify {unknown}
Potions
 d - a potion of might


   Skills:
 + Level 4.2 Fighting
 + Level 3.2 Axes
 + Level 4.2 Armour
 + Level 4.2 Shields


You had 2 spell levels left.
You didn't know any spells.
Your spell library contained the following spells:

 Spells                   Type           Power      Damage    Failure   Level
 Tukima's Dance           Hex            0%         N/A       99%         3
 Passage of Golubria      Tloc           0%         N/A       100%        4
 Yara's Violent Unravell  Hex/Tmut       0%         3d3       100%        5


Dungeon Overview and Level Annotations

Branches:
Dungeon (2/15)

Altars:

Annotations:
D:2 Robin


Innate Abilities, Weirdness & Mutations

You have a pair of horns on your head.
You reflexively headbutt those who attack you in melee.


Message History

You slash the hobgoblin!
You kill the hobgoblin!
You hit the hobgoblin.
You kill the hobgoblin!
Robin zaps a wand.
The puff of flame hits you!
* * * LOW HITPOINT WARNING * * *
You block Robin's attack. The hobgoblin barely misses you.
You furiously retaliate!
You headbutt the hobgoblin. You barely miss the hobgoblin.
The hobgoblin is heavily wounded.
Robin closely misses you. You block the hobgoblin's attack.
You closely miss the hobgoblin.
You headbutt the hobgoblin, but do no damage.
The hobgoblin is heavily wounded.
You block Robin's attack. You block the hobgoblin's attack.
You block Robin's attack.
You hit the hobgoblin but do no damage.
The hobgoblin is heavily wounded.
You block the hobgoblin's attack. Robin closely misses you.
The hobgoblin hits you.
* * * LOW HITPOINT WARNING * * *
You barely miss the hobgoblin. Your headbutt misses the hobgoblin.
The hobgoblin is heavily wounded.
Robin hits you but does no damage. The hobgoblin closely misses you.
You slash the hobgoblin!
You kill the hobgoblin!
Robin hits you but does no damage.
Robin hits you from afar with a +0 spear.
* * * LOW HITPOINT WARNING * * *
Robin hits you but does no damage.
You barely miss Robin.
Robin zaps a wand.
The puff of flame hits you.
* * * LOW HITPOINT WARNING * * *
You hit Robin. You headbutt Robin.
Robin is heavily wounded.
Robin misses you.
You hit Robin but do no damage.
Robin is heavily wounded.
Robin zaps a wand.
The puff of flame hits you!
You die...
Robin lets out a smug laugh.

......#.....##.###
.....#....#...#####
......#..#........#
.......###...†....#
.......###.......#
##....#..#......## #
#...#....#.......
#.###.###)##.....#.....<.
.......g@................
#.#....))##.......####...
#......########+####...
#......# #.........
#......# #.......#.
######## #.......#.
#.......## #.........
#.....>(.#


You could see Robin.

Vanquished Creatures
  2 dart slugs (D:1)
  6 endoplasms
  12 goblins
  8 hobgoblins
  3 quokkas
  3 ball pythons (D:1)
  5 bats
  A kobold (D:1)
  4 rats (D:1)
44 creatures vanquished.

Notes
Turn   | Place    | Note
-------+----------+-------------------------------------------
     0 | D:1      | BinkBink the Minotaur Fighter began the quest for the Orb.
     0 | D:1      | Reached XP level 1. HP: 19/19 MP: 0/0
    93 | D:1      | Reached XP level 2. HP: 24/27 MP: 1/1
   431 | D:1      | Reached XP level 3. HP: 30/33 MP: 2/2
   679 | D:2      | Noticed Robin
   699 | D:2      | HP: 1/33 [Robin/puff of flame (3)]
   701 | D:2      | Killed from afar by Robin

Illustrated notes

Levels and vault maps discovered:
D:1:      denvon_arrival_planthouse, layout_loops_ring, minmay_distorted
D:2:      layout_basic, chequers_ecumenical_altar_lobes, chequers_mini_garden,
          minmay_misc_feat_chi, uniq_jessica, uniq_robin

Skill      XL: |  1  2 |
---------------+-------+-----
Armour         | 4 |  4.2
Shields        | 4 |  4.2
Fighting       | 4 |  4.2
Axes           | 3 |  3.2

Action                     || total
---------------------------++-------
  Melee: War axe           ||    80
         Headbutt          ||     7
 Armour: Scale mail        ||    64
  Dodge: Dodged            ||    44
  Block: Buckler           ||    28

Table legend: (Time is in decaauts)
 A = Elapsed time spent in this place.
 B = Non-inter-level travel time spent in this place.
 C = Inter-level travel time spent in this place.
 D = Time resting spent in this place.
 E = Time spent auto-exploring this place.
 F = Levels seen in this place.
 G = Mean time per level.
                   A        B        C        D        E       F      G
               +--------+--------+--------+--------+--------+-----+--------+
         Total |    732 |    711 |     21 |      0 |    509 |   2 |  366.0 |
       Dungeon |    732 |    711 |     21 |      0 |    509 |   2 |  366.0 |
               +--------+--------+--------+--------+--------+-----+--------+

Top non-repeatable levels by time:
     D:1: 621 daAuts
     D:2: 110 daAuts
